 Dungeon Crawl Stone Soup version 0.28-a0-197-g74814aa22a (webtiles) character file.

Game seed: 4879997338903464128

73 Arne the Gusty (level 4, -2/25 HPs)
             Began as a Tengu Air Elementalist on Aug 19, 2021.
             Killed by nerve-wracking pain
             ... invoked by Grinder
              (14 damage)
             ... on level 3 of the Dungeon.
             The game lasted 00:10:04 (1544 turns).

Arne the Gusty (Tengu Air Elementalist)             Turns: 1544, Time: 00:10:05

Health: -2/25      AC:  2    Str:  8    XL:     4   Next: 27%
Magic:  5/8        EV: 13    Int: 16    God:
Gold:   146        SH:  0    Dex: 15    Spells: 6/7 levels left

rFire   . . .      SeeInvis .   j - +0 long sword
rCold   . . .      Faith    .   (no shield)
rNeg    . . .      Spirit   .   a - +0 robe
rPois   .          Reflect  .   (helmet restricted)
rElec   .          Harm     .   (no cloak)
rCorr   .          Rampage  .   (no gloves)
Will    .....                   (boots unavailable)
Stlth   ++........              (no amulet)
HPRegen 0.08/turn               (no ring)
MPRegen 0.11/turn               (no ring)

@: no status effects
A: beak, talons 3
a: no special abilities


You were on level 3 of the Dungeon.
You visited 1 branch of the dungeon, and saw 3 of its levels.

You collected 146 gold pieces.

Inventory:

Hand Weapons
 c - a +0 dagger
 e - a +0 short sword
 j - a +0 long sword (weapon)
Armour
 a - a +0 robe (worn)
Scrolls
 d - a scroll of enchant armour {unknown}
 h - a scroll of noise {unknown}
Potions
 b - 2 potions of haste {unknown}
 f - a potion of heal wounds {unknown}
 g - a potion of lignification {unknown}
 i - a potion of ambrosia {unknown}


   Skills:
 * Level 1.1 Fighting
 + Level 1.0 Short Blades
 * Level 3.1 Dodging
 + Level 2.1 Stealth
 + Level 0.2 Unarmed Combat
 + Level 2.4 Spellcasting
 + Level 1.9 Conjurations
 + Level 4.6 Air Magic


You had 6 spell levels left.
You knew the following spells:

 Your Spells              Type           Power      Damage    Failure   Level
a - Shock                 Conj/Air       48%        1d6       5%          1

Your spell library contained the following spells:

 Spells                   Type           Power      Damage    Failure   Level
 Static Discharge         Conj/Air       12%        N/A       8%          2
 Magic Dart               Conj           32%        1d4       9%          1
 Swiftness                Air            16%        N/A       9%          3
 Searing Ray              Conj           16%        3d3       14%         2
 Slow                     Hex            1%         N/A       30%         2
 Sublimation of Blood     Necr           0%         N/A       30%         2
 Wereblood                Tmut           1%         N/A       30%         2
 Airstrike                Air            8%         N/A       30%         4
 Confusing Touch          Hex            1%         N/A       52%         3
 Vampiric Draining        Necr           0%         2d6       52%         3
 Fulminant Prism          Conj/Hex       2%         3d6       80%         4
 Summon Hydra             Summ           0%         N/A       100%        7


Dungeon Overview and Level Annotations

Branches:
Dungeon (3/15)

Altars:

Annotations:
D:3 Grinder


Innate Abilities, Weirdness & Mutations

You have a beak for a mouth.
You have claws for feet.


Message History

The adder hisses angrily.
You hit the dart slug.
You kill the dart slug!
There is an open door here.
You closely miss the adder. You peck the adder.
The adder is moderately wounded.
The adder closely misses you. The adder bites you.
You closely miss the adder. Your kick misses the adder.
The adder is moderately wounded.
The adder barely misses you.
You miss the adder. You claw the adder.
The adder is severely wounded.
The adder bites you. The adder barely misses you.
You riposte.
You barely miss the adder.
The adder is severely wounded.
You hit the adder.
You kill the adder!
Your Short Blades skill increases to level 1!
There is an open door here.
Found a stone staircase leading up.
Grinder comes into view.
Grinder blinks!
You hit Grinder but do no damage. You peck Grinder, but do no damage.
Grinder closely misses you.
You riposte.
You hit Grinder.
Grinder is lightly wounded.
Grinder hits you but does no damage.
You hit Grinder but do no damage. Your peck misses Grinder.
Grinder is lightly wounded.
Grinder hits you.
You writhe in agony.
You hit Grinder.
Grinder is lightly wounded.
Grinder closely misses you.
You riposte.
You hit Grinder. You claw Grinder.
Grinder is moderately wounded.
You hit Grinder. Your kick misses Grinder.
Grinder is heavily wounded.
Grinder hits you but does no damage.
Grinder blinks!
Grinder gestures at you. Pain shoots through your body!
Ouch! That really hurt!
You die...

### ... #.#.. ....
#.#.#
....##.#.#########
......#.§@....5..
##........#######
........#.#<.....
.#........# .###...##
#....#.#.# ...#....#
#..###.#.#
.#.#....#.#......# .
........#.#.#########
#.#....#.†........


You could see Grinder.

Vanquished Creatures
  2 adders
  2 worms (D:3)
  2 dart slugs
  An orc (D:3)
  4 ball pythons
  4 endoplasms
  A giant cockroach (D:1)
  4 goblins
  5 hobgoblins
  7 kobolds
  4 bats
  3 frilled lizards
  4 rats
43 creatures vanquished.

Notes
Turn   | Place    | Note
-------+----------+-------------------------------------------
     0 | D:1      | Arne the Tengu Air Elementalist began the quest for the
                  | Orb.
     0 | D:1      | Reached XP level 1. HP: 10/10 MP: 4/4
    98 | D:1      | Found a faded altar of an unknown god.
   147 | D:1      | Reached XP level 2. HP: 14/15 MP: 3/6
   759 | D:2      | Reached XP level 3. HP: 20/20 MP: 7/7
  1485 | D:3      | Reached skill level 1 in Fighting
  1496 | D:3      | Reached XP level 4. HP: 25/25 MP: 0/8
  1528 | D:3      | Reached skill level 1 in Short Blades
  1536 | D:3      | Noticed Grinder
  1544 | D:3      | Killed from afar by Grinder

Illustrated notes

Levels and vault maps discovered:
D:1:      dpeg_arrival_tiny_j, layout_loops_ring,
          shapermc_ecumenical_altar_totnotflames,
          hangedman_abyss_or_decor_lesser_grid
D:2:      layout_basic, uniq_crazy_yiuf_cottage
D:3:      layout_basic, serial_shops,
          nicolae_shop_temple_entry_statues_fountains, uniq_sigmund,
          uniq_grinder

Skill      XL: |  1  2  3  4 |
---------------+-------------+-----
Fighting       | 1 |  1.1
Dodging        | 3 |  3.1
Short Blades   | 1 |  1.0
Stealth        | |  2.1
Unarmed Combat | |  0.2
Spellcasting   | |  2.4
Conjurations   | |  1.9
Air Magic      | |  4.6

Action                   |  1- 3 |  4- 6 || total
-------------------------+-------+-------++-------
Melee: Unarmed           |     9 |       ||     9
       Peck              |     6 |     3 ||     9
       Short sword       |    31 |       ||    31
       Dagger            |     4 |       ||     4
       Kick              |     8 |     4 ||    12
       Long sword        |     2 |    14 ||    16
 Cast: Shock             |    34 |     1 ||    35
 Stab: Sleeping          |     4 |     1 ||     5
Armor: Robe              |    12 |     2 ||    14
Dodge: Dodged            |    29 |     7 ||    36
       Rpst.: Long sword |     1 |     3 ||     4

Table legend: (Time is in decaauts)
 A = Elapsed time spent in this place.
 B = Non-inter-level travel time spent in this place.
 C = Inter-level travel time spent in this place.
 D = Time resting spent in this place.
 E = Time spent auto-exploring this place.
 F = Levels seen in this place.
 G = Mean time per level.
                   A        B        C        D        E       F      G
               +--------+--------+--------+--------+--------+-----+--------+
         Total |   1551 |   1551 |      0 |      0 |    451 |   3 |  517.0 |
       Dungeon |   1551 |   1551 |      0 |      0 |    451 |   3 |  517.0 |
               +--------+--------+--------+--------+--------+-----+--------+

Top non-repeatable levels by time:
     D:2: 779 daAuts
     D:1: 693 daAuts
     D:3: 78 daAuts
